 Dungeon Crawl Stone Soup version 0.18-a0-739-gdae9da8 (webtiles) character file.

343 xeno23 the Insei (level 6, 0/48 HPs)
             Began as a Human Monk on Dec 10, 2015.
             Slain by Crazy Yiuf
             ... wielding a +4 quarterstaff of chaos
              (2 damage)
             ... on level 3 of the Dungeon.
             The game lasted 00:13:26 (3632 turns).

xeno23 the Insei (Human Monk)                       Turns: 3632, Time: 00:13:32

Health: 0/48       AC:  8    Str: 12 (14) XL:     6   Next: 88%
Magic:  4/6        EV: 12    Int:  8 (10) God:
Gold:   151        SH:  0    Dex: 15      Spells: 0 memorised, 5 levels left

rFire  + . .     SeeInvis .       - Unarmed
rCold  . . .     Clarity  .     e - +0 ring mail
rNeg   . . .     SustAt   .     (no shield)
rPois  .         Gourm    .     f - +1 helmet
rElec  .         Spirit   .     (no cloak)
rCorr  .         Dismiss  .     (no gloves)
rMut   .         Rnd*Tele +     (no boots)
MR     .....                    (no amulet)
Stlth  +.........               q - ring of teleportation (curse)
                                s - ring of protection from fire

@: very slightly contaminated, hasted, very quick, not resistant to hostile
enchantments, very unstealthy
A: hooves 1, molten scales 1, deterioration 1
a: Evoke Teleportation


You were on level 3 of the Dungeon.
You were not hungry.

You visited 2 branches of the dungeon, and saw 5 of its levels.

You collected 151 gold pieces.

Inventory:

Armour
 e - a +0 ring mail (worn)
 f - a +1 helmet (worn)
Jewellery
 m - an uncursed ring of protection from cold
 q - a cursed ring of teleportation (right hand)
 s - a ring of protection from fire (left hand)
Scrolls
 c - 2 scrolls of immolation
 g - a scroll of magic mapping
 j - 3 scrolls of recharging
 k - 2 scrolls of fear
Potions
 d - 2 potions of curing
 h - a potion of heal wounds
 u - a potion of lignification
 v - a potion of magic
Comestibles
 a - 5 chunks of flesh
 b - 3 bread rations
 n - a beef jerky
 p - a fruit


   Skills:
 + Level 4.2 Fighting
 + Level 4.4 Dodging
 - Level 2.0 Stealth
 * Level 6.1 Unarmed Combat


You had 5 spell levels left.
You didn't know any spells.

Dungeon Overview and Level Annotations

Branches:
Dungeon (4/15)             Temple (1/1) D:4

Altars:
Ashenzari
Cheibriados
Dithmenos
Elyvilon
Fedhas
Gozag
Nemelex Xobeh
Okawaru
Pakellas
Qazlal
Vehumet
Xom
Yredelemnul
Zin

Annotations:
D:3 Crazy Yiuf, Sigmund


Innate Abilities, Weirdness & Mutations

You have large cloven feet.
You are partially covered in molten scales (AC +1).
Your body sometimes deteriorates upon taking damage.


Message History

Crazy Yiuf barely misses you.
You are very lightly contaminated with residual magic.
Unknown command.
You hit Crazy Yiuf.
Crazy Yiuf is heavily wounded.
Crazy Yiuf hits you with a quarterstaff of chaos.
You take 2 damage.
You punch Crazy Yiuf!
Crazy Yiuf is almost dead.
Something hits you!
* * * LOW HITPOINT WARNING * * *
Your body deteriorates!
You feel weakened.
You take 8 damage.
Your ring mail prevents you from hitting Crazy Yiuf.
Crazy Yiuf is almost dead.
Crazy Yiuf hits you with a quarterstaff of chaos!
* * * LOW HITPOINT WARNING * * *
Your body deteriorates!
You feel dopey. Crazy Yiuf freezes you.
You die...

....<.....>#..........#.........#
##.......>##.......[..#.........#
#.................###.#.........#
................................#
........>.....#..####.#.........#
...############..# #.#.........#
...#########....l# #.#..(......#
.....o†.)...(###g# #.###########
...o.######### #@# #..## .##.###
#####.# ##..# #...# ###go...#
##.# ###.####...##### #.#
#.##.g.### #.# #.##.### #.#
#..#.# #.# #####...# ####.##
##......## #.....#


You could see Crazy Yiuf and a giant newt.

Vanquished Creatures
  The ghost of Borgoz the Shield-Bearer, an amateur MiFi of the Shining One (D:4)
  A giant frog skeleton (D:4)
  A worker ant (D:4)
  7 adders
  3 worms
  A giant gecko (D:1)
  5 orcs
  5 giant cockroaches
  4 hobgoblins
  2 jackals (D:2)
  9 kobolds
  8 bats
  3 giant newts
  12 goblins
  A jackal skeleton (D:4)
  2 quokka skeletons (D:4)
  16 rats
  A spectral orc (D:4)
82 creatures vanquished.

Notes
Turn   | Place    | Note
--------------------------------------------------------------
     0 | D:1      | xeno23 the Human Monk began the quest for the Orb.
     0 | D:1      | Reached XP level 1. HP: 18/18 MP: 1/1
   155 | D:1      | Reached XP level 2. HP: 8/24 MP: 2/2
   720 | D:2      | Reached XP level 3. HP: 22/29 MP: 3/3
  1337 | D:2      | Reached XP level 4. HP: 31/35 MP: 4/4
  1965 | D:3      | Noticed Sigmund
  1975 | D:3      | Reached skill level 5 in Unarmed Combat
  2153 | D:3      | Reached XP level 5. HP: 7/41 MP: 5/5
  2404 | D:4      | Gained mutation: You have large cloven feet. [potion of mutation]
  2404 | D:4      | Gained mutation: Your body sometimes deteriorates upon taking damage. [potion of mutation]
  2404 | D:4      | Gained mutation: You are partially covered in molten scales (AC +1). [potion of mutation]
  2442 | D:4      | Found an oddly glowing altar of Pakellas.
  2513 | D:4      | Found a staircase to the Ecumenical Temple.
  2527 | Temple   | Entered the Ecumenical Temple
  2634 | D:4      | Found a basalt altar of Yredelemnul.
  2845 | D:4      | Noticed Borgoz's ghost (amateur MiFi)
  2876 | D:4      | Killed Borgoz's ghost
  2876 | D:4      | Reached XP level 6. HP: 12/48 MP: 6/6
  3058 | D:4      | Reached skill level 6 in Unarmed Combat
  3492 | D:3      | Noticed Crazy Yiuf
  3632 | D:3      | HP: 2/48 [Crazy Yiuf/quarterstaff of chaos (9)]
  3632 | D:3      | Slain by Crazy Yiuf

Vault maps used:
D:1:      minmay_arrival_plants_in_alcoves
D:2:      first_bread, guppyfry_early_orc_mine
D:3:      minmay_strange_pillars, uniq_sigmund, uniq_terence,
          uniq_crazy_yiuf_cottage
D:4:      overflow_temple_1_default, yredelemnul_forgotten_temple_becter,
          minmay_temple_entry_purple_smoke, corexii_item_surrounded_by_moat,
          moated_statue, minmay_strange_pillars
Temple:   circular_temple_12

Action                   |  1- 3 |  4- 6 || total
-------------------------+-------+-------++-------
Melee: Unarmed           |   145 |   233 ||   378
  Use: Potion            |     1 |     5 ||     6
       Scroll            |       |    14 ||    14
 Stab: Sleeping          |     5 |     1 ||     6
  Eat: Chunk             |     1 |     8 ||     9
